AoeStats
← Nicolasbecerra

Nomad

508563511Analyzed
3v3 RM · 8d ago on Sep 23, 2026· 43m 28s· 6 players
Game mode
Random Map
Map size
210×210
Population
200
Speed
Normal
Resources
Standard
Victory
Conquest
Starting age
Dark Age
Ending age
Imperial Age
RankedLock teamsTeams togetherTeam positionsShared explorationLock speedFull tech treeHidden civsTurbo modeCheats
Victory
Defeat
🇦🇷 Mongols · Argentina
1039
+16
🇨🇱 Malay · Chile
988
+18
🇺🇸 Danes · United States
950
+19
🇲🇽 Italians · Mexico
1130
-22
🇲🇽 Gurjaras · Mexico
992
-16
🇲🇽 Persians · Mexico
971
-15
ScottWardo
4:58 Loom
14:47 Feudal Age
15:16 Double-Bit Axe
15:34 Fishing Lines
22:18 Castle Age
20:39 Man-at-Arms
22:24 Gold Mining
22:26 Stone Mining
24:02 Medium Warships
25:12 Bow Saw
27:37 Pikeman
29:33 Stone Shaft Mining
29:33 Gold Shaft Mining
29:13 Forging
29:04 Scale Mail Armor
30:22 Wheelbarrow
30:13 Horse Collar
33:36 Imperial Age
33:22 Squires
35:47 Conscription
34:49 Hamask
34:56 Long Swordsman
35:22 Gambesons
35:23 Arson
35:56 Chain Mail Armor
36:17 Iron Casting
37:03 Block Printing
37:09 Halberdier
38:24 Illumination
38:36 Theocracy
38:17 Elite Jomsviking
39:32 Plate Mail Armor
39:29 Two-Handed Swordsman
40:59 Town Watch
40:58 Champion
42:30 Redemption
42:32 Fervor
Nicolasbecerra
3:41 Loom
14:37 Feudal Age
14:22 Double-Bit Axe
18:53 Fishing Lines
23:39 Castle Age
22:05 Fletching
23:41 Medium Warships
23:59 Bow Saw
27:02 Pikeman
27:57 Thalassocracy
28:43 Forging
29:06 Arson
31:14 Bodkin Arrow
32:46 Gillnets
34:32 Squires
39:05 Imperial Age
37:02 Man-at-Arms
38:19 Long Swordsman
39:36 Iron Casting
39:28 Two-Handed Swordsman
40:41 Bracer
41:33 Conscription
42:06 Forced Levy
GonzaloMig
6:40 Loom
14:18 Feudal Age
19:00 Castle Age
16:49 Double-Bit Axe
17:10 Horse Collar
18:28 Gold Mining
20:13 Wheelbarrow
19:47 Town Watch
21:08 Bow Saw
21:27 Fletching
21:37 Padded Archer Armor
23:42 Bodkin Arrow
24:56 Leather Archer Armor
24:19 Elite Skirmisher
26:58 Hand Cart
26:56 Scale Barding Armor
34:44 Ballistics
39:56 Imperial Age
38:41 Bloodlines
38:31 Husbandry
37:52 Light Cavalry
38:45 Forging
39:34 Gold Shaft Mining
39:23 Stone Mining
40:20 Iron Casting
40:51 Masonry
41:39 Chain Barding Armor
41:27 Thumb Ring
42:52 Stone Shaft Mining
43:05 Bracer
44:24 Chemistry
Swx L9
4:44 Loom
16:27 Feudal Age
18:06 Wheelbarrow
17:18 Town Watch
25:23 Castle Age
25:49 Crossbowman
26:35 Thumb Ring
28:18 Ballistics
31:21 Elite Skirmisher
34:03 Fletching
36:12 Gambesons
36:15 Arson
38:21 Husbandry
EL TAHUR PROFESIONAL
10:30 Loom
15:11 Feudal Age
23:21 Castle Age
29:06 Fletching
arq_lobo
5:13 Loom
14:30 Feudal Age
20:24 Castle Age
18:45 Fletching
18:54 Double-Bit Axe
19:59 Gold Mining
24:54 Bodkin Arrow
26:34 Ballistics
28:18 Stone Mining
29:27 Padded Archer Armor
37:14 Wheelbarrow
37:12 Scale Barding Armor
38:18 Forging
39:31 Stone Shaft Mining
39:44 Bloodlines
44:41 Imperial Age
42:14 Horse Collar
44:03 Leather Archer Armor
44:24 Iron Casting
Connection lost

Rejoining the realm…

Still unreachable

The connection could not be restored.

Session expired

The server has moved on; the page needs a fresh start.